 Dungeon Crawl Stone Soup version 0.26-a0-1025-g006ef2cfcc (webtiles) character file.

Game seed: 105776763034331502

833 KristoblXynda the Ducker (level 7, -3/38 HPs)
             Began as a Spriggan Berserker on Dec 9, 2020.
             Was a Priest of Trog.
             Slain by a gnoll
             ... wielding a +1 spear of pain
              (5 damage)
             ... on level 4 of the Dungeon.
             The game lasted 00:07:53 (5614 turns).

KristoblXynda the Ducker (Spriggan Berserker)       Turns: 5614, Time: 00:07:54

Health: -3/38      AC:  2    Str: 13    XL:     7   Next: 65%
Magic:  8/8        EV: 24    Int:  8    God:    Trog [***...]
Gold:   212        SH:  5    Dex: 18    Spells: 6/6 levels left

rFire    + . .     SeeInvis +   a - +0 short sword
rCold    . . .     Faith    .   (shield restricted)
rNeg     . . .     Spirit   .   b - +0 animal skin
rPois    .         Reflect  +   (helmet restricted)
rElec    .         Harm     .   (no cloak)
rCorr    .         Rampage  .   (gloves unavailable)
Will     +....                  (boots unavailable)
Stlth    +++.......             r - amulet of reflection
HPRegen  0.12/turn              m - ring of flight (curse)
MPRegen  0.11/turn              v - ring of protection from fire

@: berserk cooldown, slowed, quick
A: very small, unfitting armour, see invisible, speed 3
a: Berserk, Trog's Hand, Renounce Religion, Evoke Flight


You were on level 4 of the Dungeon.
You worshipped Trog.
Trog was most pleased with you.
You visited 2 branches of the dungeon, and saw 5 of its levels.

You collected 212 gold pieces.

Inventory:

Hand Weapons
 a - a +0 short sword (weapon)
Armour
 b - a +0 animal skin (worn)
Jewellery
 m - a cursed ring of flight (left hand)
 r - an amulet of reflection (around neck)
 v - a ring of protection from fire (right hand)
Wands
 x - a wand of iceblast (11)
Scrolls
 g - 2 scrolls of fear {unknown}
 h - a scroll of enchant weapon {unknown}
 i - 3 scrolls of identify {unknown}
 j - a scroll of noise {unknown}
 l - 2 scrolls of blinking {unknown}
 n - a scroll of remove curse {unknown}
 s - a scroll of teleportation {unknown}
 t - a scroll of enchant armour {unknown}
 u - a scroll of magic mapping {unknown}
 w - a scroll of fog {unknown}
Potions
 c - 2 potions of lignification {unknown}
 d - a potion of haste {unknown}
 e - 2 potions of flight {unknown}
 f - a potion of might {unknown}
 k - 3 potions of degeneration {unknown}
 o - a potion of attraction {unknown}
 p - a potion of heal wounds {unknown}
 q - 3 potions of curing {unknown}


   Skills:
 + Level 4.5 Fighting
 + Level 6.0 Short Blades
 + Level 7.9 Dodging
 + Level 5.0 Stealth


You had 6 spell levels left.
You didn't know any spells.
Your spell library contained the following spells:

 Spells                   Type           Power        Failure   Level
 Summon Small Mammal      Summ           #...         41%         1
 Call Imp                 Summ           #.......     54%         2
 Call Canine Familiar     Summ           #.......     78%         3
 Summon Guardian Golem    Hex/Summ       #.......     78%         3
 Summon Ice Beast         Ice/Summ       #.......     99%         4
 Summon Lightning Spire   Summ/Air       #.......     99%         4


Dungeon Overview and Level Annotations

Branches:
Dungeon (4/15)             Temple (1/1) D:4

Altars:
Ashenzari
Dithmenos
Elyvilon
Fedhas
Gozag
Kikubaaqudgha
Makhleb
Okawaru
Ru
Sif Muna
Trog
Uskayaw
Wu Jian
Xom
Yredelemnul
Zin
The Shining One

Shops:
D:4 (

Annotations:
D:4 1 transporter, KristoblXynda's ghost, amateur DrGl


Innate Abilities, Weirdness & Mutations

You are very small and have problems with some larger weapons.
You are too small for most types of armour.
You have supernaturally acute eyesight. (SInv)
You cover ground extremely quickly.


Message History

You can move again.
Unknown command.
Unknown command.
You see here a scroll labelled FOXUTSAOCU.
The gnoll zaps a wand.
You resist with almost no effort. The gnoll barely misses you.
The gnoll closely misses you.
You hit the gnoll.
The gnoll is moderately wounded.
The gnoll completely misses you.
You hit the gnoll but do no damage.
The gnoll is moderately wounded.
The gnoll sergeant hits you from afar with a +4 vampiric spear!
* * * LOW HITPOINT WARNING * * *
The gnoll closely misses you.
You barely miss the gnoll.
The gnoll is moderately wounded.
The gnoll sergeant barely misses you.
The gnoll hits you with a +1 spear of pain.
You die...

.....≈≈####.....####≈≈...........
.....≈≈#..#8###8#..#≈≈.......8...
.....≈≈#..###.###..#≈≈...........
.....≈≈#......g.g..#≈≈...........
.....≈≈###.##g##W###≈≈...........
.....≈≈..#.#.g.#g#..≈≈...........
.....≈≈.##.#⌠.⌠#g##.≈≈.##......#.
.....≈≈.#.?#...#..#.≈≈.....#..###
.#...≈≈.##.##.##@##.≈≈.....#...#
##>..≈≈..#.#...#g#........###..#
.....≈≈.©#.'.©.'.#©.........####
.....≈≈..#)#8⌠8#.#......#)....###
..##.≈≈.##.#####.##.≈≈...)......#
..##.≈≈.#..#":.#.©#.≈≈......#..##
..##.≈≈.##.#...#.##.≈≈......####
.....≈≈..#.#$..#.#..≈≈.......#
..<..≈≈###.##'##.###≈≈..#...##


You could see a gnoll sergeant, KristoblXynda's ghost and 5 gnolls.

Vanquished Creatures
  Edmund (D:4)
  An ogre (D:4)
  Blork the orc (D:4)
  A hound (D:4)
  4 orc priests
  A worker ant (D:4)
  Natasha (thrice) (D:3)
  An iguana (D:4)
  4 orc wizards
  Robin (D:4)
  A gnoll (D:4)
  4 adders
  An ooze (D:3)
  2 worms (D:4)
  2 dart slugs (D:1)
  6 leopard geckos
  24 orcs
  A giant cockroach (D:1)
  15 goblins
  13 hobgoblins
  6 jackals
  A quokka (D:3)
  A ball python (D:1)
  6 bats
  5 frilled lizards
  6 kobolds
  3 rats
115 creatures vanquished.

Vanquished Creatures (others)
  6 plants (D:4)
6 creatures vanquished.

Grand Total: 121 creatures vanquished

Notes
Turn   | Place    | Note
-------+----------+-------------------------------------------
     0 | D:1      | KristoblXynda the Spriggan Berserker began the quest for
                  | the Orb.
     0 | D:1      | Reached XP level 1. HP: 11/11 MP: 2/2
   442 | D:1      | Reached XP level 2. HP: 12/16 MP: 3/3
   791 | D:1      | Reached skill level 5 in Dodging
  1084 | D:1      | Reached XP level 3. HP: 18/19 MP: 4/4
  2190 | D:2      | Found an ancient bone altar of Kikubaaqudgha.
  2402 | D:3      | Noticed Natasha
  2411 | D:3      | Killed Natasha
  2412 | D:3      | Reached XP level 4. HP: 24/24 MP: 5/5
  2466 | D:3      | Noticed Natasha
  2479 | D:3      | Killed Natasha
  2516 | D:3      | Noticed Natasha
  2524 | D:3      | Killed Natasha
  2525 | D:3      | Reached skill level 6 in Dodging
  2534 | D:3      | Reached ** piety under Trog
  2627 | D:3      | Reached XP level 5. HP: 16/28 MP: 6/6
  3527 | D:3      | Reached skill level 1 in Stealth
  3546 | D:3      | Reached XP level 6. HP: 33/33 MP: 7/7
  4031 | D:3      | Reached skill level 5 in Short Blades
  4276 | D:4      | Reached *** piety under Trog
  4502 | D:4      | Reached skill level 7 in Dodging
  4585 | D:4      | Reached XP level 7. HP: 15/37 MP: 8/8
  4816 | D:4      | Found a staircase to the Ecumenical Temple.
  4824 | D:4      | Noticed Robin
  4849 | D:4      | Killed Robin
  4860 | D:4      | Found a glowing golden altar of the Shining One.
  4941 | Temple   | Entered the Ecumenical Temple
  5268 | D:4      | Identified the +3 ring mail of the Worm {Int+8 Stlth-}
  5268 | D:4      | Identified the +0 kite shield of Wathecs {rC- Will++ rCorr
                  | Int+4}
  5279 | D:4      | Found Qagoll's Weapon Boutique.
  5305 | D:4      | Noticed Edmund
  5308 | D:4      | Found a transporter.
  5309 | D:4      | Found a transporter.
  5309 | D:4      | Noticed Blork the orc
  5323 | D:4      | Killed Edmund
  5333 | D:4      | Killed Blork the orc
  5580 | D:4      | Noticed KristoblXynda's ghost (amateur DrGl)
  5591 | D:4      | Reached skill level 5 in Stealth
  5614 | D:4      | Slain by a gnoll

Illustrated notes

Levels and vault maps discovered:
D:1:      mrwooster_arrival_statue_3, layout_loops_corners,
          chequers_decorated_corner, kennysheep_small_spiral
D:2:      layout_basic, general_overflow_altar, minmay_misc_feat_diagonals
D:3:      layout_basic, uniq_natasha
D:4:      layout_cave_pools, minmay_temple_entry_proselytizer,
          gammafunk_ghost_gnarly_gnolls, serial_shops, nicolae_shop_statue_plus,
          nicolae_zen_rock_garden, lemuel_statue_altar, uniq_robin,
          uniq_blork_the_orc, uniq_edmund
Temple:   eino_temple_scatter_basement

Skill      XL: |  1  2  3  4  5  6  7 |
---------------+----------------------+-----
Dodging        | 5 6 7 |  7.9
Short Blades   | 4 5 6 |  6.0
Fighting       | 3 4 |  4.5
Stealth        | 1 3 5 |  5.0

Action                   |  1- 3 |  4- 6 |  7- 9 || total
-------------------------+-------+-------+-------++-------
Melee: Short sword       |   143 |   212 |    68 ||   423
Invok: Berserk           |     3 |     8 |     4 ||    15
 Stab: Sleeping          |     2 |     3 |     3 ||     8
Armor: Animal skin       |     7 |    10 |       ||    17
Dodge: Dodged            |   111 |   135 |    43 ||   289
Block: Other             |       |    31 |    13 ||    44
       Reflection        |       |     1 |       ||     1

Table legend: (Time is in decaauts)
 A = Elapsed time spent in this place.
 B = Non-inter-level travel time spent in this place.
 C = Inter-level travel time spent in this place.
 D = Time resting spent in this place.
 E = Time spent auto-exploring this place.
 F = Levels seen in this place.
 G = Mean time per level.
                   A        B        C        D        E       F      G
               +--------+--------+--------+--------+--------+-----+--------+
         Total |   4539 |   4481 |     58 |   1793 |   1936 |   5 |  907.8 |
       Dungeon |   4433 |   4379 |     54 |   1793 |   1836 |   4 | 1108.2 |
        Temple |    105 |    101 |      4 |      0 |     99 |   1 |  105.0 |
               +--------+--------+--------+--------+--------+-----+--------+

Top non-repeatable levels by time:
     D:3: 1559 daAuts
     D:1: 1354 daAuts
     D:4: 1039 daAuts
     D:2: 480 daAuts
  Temple: 105 daAuts
